AoeStats
← CNZS_98T

Arabia

510073202Analyzed
1v1 RM · 2d ago on Sep 29, 2026· 41m 45s· 2 players
Game mode
Random Map
Map size
Tiny (2 player)
Population
200
Speed
Normal
Resources
Standard
Victory
Conquest
Starting age
Dark Age
Ending age
Imperial Age
RankedLock teamsTeams togetherTeam positionsShared explorationLock speedFull tech treeHidden civsTurbo modeCheats
Victory
Defeat
🇯🇵 Tatars · Japan
2820
+10
🇳🇱 Slavs · Netherlands
2674
-10
OS+ | chart
8:06 Loom
10:27 Feudal Age
11:12 Double-Bit Axe
12:31 Horse Collar
15:09 Fletching
21:24 Castle Age
21:26 Crossbowman
22:01 Bodkin Arrow
24:12 Bow Saw
24:03 Padded Archer Armor
24:39 Ballistics
25:19 Wheelbarrow
27:21 Scale Barding Armor
29:36 Gold Mining
30:23 Hand Cart
29:59 Stone Mining
31:11 Chain Barding Armor
31:28 Bloodlines
32:14 Husbandry
32:12 Town Watch
32:53 Light Cavalry
39:49 Imperial Age
38:38 Forging
39:56 Heavy Camel Rider
40:37 Bracer
42:11 Chemistry
CNZS_98T
6:57 Loom
9:49 Feudal Age
10:20 Man-at-Arms
12:23 Double-Bit Axe
14:56 Fletching
15:38 Padded Archer Armor
16:28 Horse Collar
21:54 Castle Age
21:09 Wheelbarrow
21:36 Gold Mining
22:03 Crossbowman
22:38 Bodkin Arrow
23:01 Bodkin Arrow
23:57 Bow Saw
25:28 Elite Skirmisher
26:28 Leather Archer Armor
27:38 Town Watch
30:46 Ballistics
32:04 Bloodlines
32:40 Scale Barding Armor
34:52 Chain Barding Armor
34:48 Hand Cart
37:41 Gold Shaft Mining
37:50 Forging
37:53 Heavy Plow
39:23 Pikeman
Connection lost

Rejoining the realm…

Still unreachable

The connection could not be restored.

Session expired

The server has moved on; the page needs a fresh start.